[Event "9. Forchheimer Sparkassen Open 2010"]
[Site "Forchheim"]
[Date "2010.10.01"]
[Round "1.2"]
[White "Nahlik, Bernhard"]
[Black "Luther, Helmut"]
[Result "1-0"]
[ECO "A06"]
[WhiteElo "1752"]
[BlackElo "1979"]
[PlyCount "97"]
[EventDate "2010.??.??"]
[TimeControl "300"]

1. d4 d5 2. Nf3 Nf6 3. e3 g6 4. Bd3 Bg7 5. O-O O-O 6. Nbd2 Nbd7 7. c3 Re8 8.
Re1 e5 9. Nxe5 Nxe5 10. dxe5 Rxe5 11. Nf3 Re8 12. Qc2 c6 13. b3 Bg4 14. Be2 Ne4
15. Bb2 Qf6 16. Rac1 Bf5 17. Bd3 Bg4 18. Be2 b5 19. Ba1 Qd6 20. Red1 Qc5 21. h3
Bf5 22. Bd3 a5 23. Nd4 Bc8 24. c4 bxc4 25. bxc4 Bb7 26. Nb3 Qe7 27. Bxg7 Kxg7
28. Bxe4 dxe4 29. c5 Kg8 30. Rd6 Qh4 31. Rcd1 Ba6 32. Rxc6 Bd3 33. Qc3 Qh5 34.
Rd2 Re5 35. Nc1 Bb5 36. Rc7 Rf8 37. Qc2 Qh4 38. a4 Ba6 39. Ne2 Bxe2 40. Rxe2
Rg5 41. Kh1 Rd8 42. Rd2 Rf5 43. Rxd8+ Qxd8 44. Rb7 Qd3 45. Rb8+ Kg7 46. Rb2
Qf1+ 47. Kh2 Rg5 48. Qxe4 h5 49. c6 1-0

[Event "9. Forchheimer Sparkassen Open 2010"]
[Site "Forchheim"]
[Date "2010.10.01"]
[Round "1.4"]
[White "Winter, Christopher"]
[Black "Pühn, Georg"]
[Result "1/2-1/2"]
[ECO "D52"]
[WhiteElo "1750"]
[BlackElo "1904"]
[PlyCount "51"]
[EventDate "2010.??.??"]
[TimeControl "300"]

1. d4 d5 2. Nf3 Nf6 3. c4 e6 4. Bg5 h6 5. Bh4 c6 6. Nc3 Nbd7 7. e3 Qa5 8. Bd3
dxc4 9. Bxc4 Nb6 10. Bb3 Nbd5 11. Bxd5 Nxd5 12. Qa4 Qxa4 13. Nxa4 Bb4+ 14. Ke2
b6 15. Rhc1 Ba6+ 16. Kd1 O-O 17. Bg3 Bb5 18. Nc3 Nxc3+ 19. bxc3 Ba3 20. Rcb1 f6
21. Kd2 Bc4 22. Kc2 Bd5 23. Kd3 f5 24. Ke2 g5 25. Be5 Be7 26. g3 1/2-1/2

[Event "9. Forchheimer Sparkassen Open 2010"]
[Site "Forchheim"]
[Date "2010.10.01"]
[Round "1.5"]
[White "Heunemann, Dieter"]
[Black "Schwab, Edgar"]
[Result "1-0"]
[ECO "D14"]
[WhiteElo "1898"]
[BlackElo "1735"]
[PlyCount "99"]
[EventDate "2010.??.??"]
[TimeControl "300"]

1. d4 d5 2. c4 c6 3. cxd5 cxd5 4. Nf3 Nf6 5. Nc3 Bf5 6. Bf4 e6 7. e3 Bd6 8.
Bb5+ Nc6 9. Ne5 Bxe5 10. Bxe5 O-O 11. Bf4 Rc8 12. O-O a6 13. Be2 Na5 14. Rc1
Nc4 15. b3 Nd6 16. Na4 Rxc1 17. Qxc1 b5 18. Nc5 Qb6 19. Be5 Rc8 20. Qa3 Rc6 21.
f3 Nb7 22. g4 Bg6 23. h4 Nxc5 24. dxc5 Qxc5 25. Qxc5 Rxc5 26. Bxf6 gxf6 27. h5
Rc2 28. Bd1 Rxa2 29. hxg6 fxg6 30. Rf2 Rxf2 31. Kxf2 Kf7 32. Ke2 Ke7 33. Kd3
Kd6 34. b4 g5 35. e4 e5 36. exd5 Kxd5 37. Bb3+ Kd6 38. Ke4 Ke7 39. Bd5 Kd6 40.
Bb7 a5 41. bxa5 b4 42. Bd5 Kc5 43. a6 Kb6 44. Bc4 b3 45. Bxb3 Kxa6 46. Kf5 Kb6
47. Kxf6 h5 48. gxh5 e4 49. fxe4 g4 50. Bd1 1-0

[Event "9. Forchheimer Sparkassen Open 2010"]
[Site "Forchheim"]
[Date "2010.10.01"]
[Round "1.10"]
[White "Hofmann, Paul"]
[Black "Stephan, Michael"]
[Result "0-1"]
[ECO "C68"]
[WhiteElo "1686"]
[BlackElo "1855"]
[PlyCount "114"]
[EventDate "2010.??.??"]
[TimeControl "300"]

1. e4 e5 2. Nf3 Nc6 3. Bb5 a6 4. Bxc6 dxc6 5. d4 exd4 6. Qxd4 Qxd4 7. Nxd4 Ne7
8. Nc3 Ng6 9. f3 Bd6 10. Be3 O-O 11. O-O Ne5 12. b3 c5 13. Nde2 f5 14. Rad1 c4
15. h3 Nc6 16. bxc4 f4 17. c5 Be5 18. Bf2 g5 19. Nd4 Na5 20. Nd5 Rf7 21. Nb3
Nc6 22. Rd3 h5 23. Rfd1 g4 24. hxg4 hxg4 25. Kf1 Be6 26. Ke2 Rh7 27. Nd4 Bxd5
28. exd5 Nb4 29. Rb3 Nxd5 30. c6 b6 31. fxg4 Re8 32. Kf3 Nf6 33. Rbd3 Rg7 34.
Nf5 Rg6 35. Rd8 Rxd8 36. Rxd8+ Kf7 37. Bd4 Nxg4 38. Rd7+ Ke6 39. Ng7+ Kf6 40.
Nh5+ Kf5 41. Ng7+ Rxg7 42. Rxg7 Bxg7 43. Bxg7 Ne5+ 44. Bxe5 Kxe5 45. Kg4 b5 46.
Kf3 b4 47. Kg4 a5 48. Kf3 a4 49. Kg4 Ke4 50. Kg5 Ke3 51. Kf5 Kd2 52. Ke6 Kxc2
53. Kd7 b3 54. axb3 axb3 55. Kxc7 b2 56. Kd8 b1=Q 57. c7 Qb6 0-1

[Event "9. Forchheimer Sparkassen Open 2010"]
[Site "Forchheim"]
[Date "2010.10.01"]
[Round "1.17"]
[White "Üstün, Engin"]
[Black "Becker, Matthias"]
[Result "0-1"]
[ECO "A28"]
[WhiteElo "1798"]
[BlackElo "1680"]
[PlyCount "48"]
[EventDate "2010.??.??"]
[TimeControl "300"]

1. d4 Nf6 2. c4 e5 3. e3 exd4 4. exd4 Bb4+ 5. Bd2 Qe7+ 6. Be2 O-O 7. Nf3 Re8 8. a3 Bxd2+ 9. Qxd2 d5 10. Nc3 dxc4 11. O-O Bg4 12. Rfe1 Nc6 13. Ne5 Bxe2 14. Nxc6 bxc6 15. Nxe2 Ne4 16. Qc2 Qf6 17. f3 Nd6 18. Rad1 Re3 19. d5 cxd5 20. Rxd5 Rb8 21. Rd2 Rbb3 22. Red1 Rbd3 23. b4 Rxe2 24. Rxe2 Qd4+ 0-1

[Event "9. Forchheimer Sparkassen Open 2010"]
[Site "Forchheim"]
[Date "2010.10.01"]
[Round "1.20"]
[White "Myagkov, Kirill"]
[Black "Hohner, Karl-Heinz"]
[Result "1/2-1/2"]
[ECO "B22"]
[WhiteElo "1790"]
[BlackElo "2400"]
[PlyCount "46"]
[EventDate "2010.??.??"]
[TimeControl "300"]

1. e4 e6 2. d4 d5 3. exd5 exd5 4. Bd3 Nf6 5. Ne2 Bd6 6. Bf4 O-O 7. O-O Bg4 8. f3 Be6 9. Bxd6 Qxd6 10. Ng3 c5 11. c3 Nc6 12. Na3 cxd4 13. cxd4 Qf4 14. Nc2 h5 15. Ne2 Qd6 16. Qd2 g6 17. Qg5 Kg7 18. Nf4 Ne7 19. Nxe6+ fxe6 20. Rfe1 Rae8 21. Re5 Nh7 22. Qg3 Nf5 23. Bxf5 Rxf5 1/2-1/2

[Event "9. Forchheimer Sparkassen Open 2010"]
[Site "Forchheim"]
[Date "2010.10.01"]
[Round "1.25"]
[White "Dyroff, Roland"]
[Black "Hennig, Elmar"]
[Result "1-0"]
[ECO "C02"]
[WhiteElo "1773"]
[BlackElo "1644"]
[PlyCount "51"]
[EventDate "2010.??.??"]
[TimeControl "300"]

1. e4 e6 2. d4 d5 3. e5 c5 4. Nf3 Nc6 5. c3 Nh6 6. a3 c4 7. b4 Nf5 8. g3 Be7 9.
Bh3 Bd7 10. O-O h5 11. Bxf5 exf5 12. h4 Qb6 13. a4 O-O-O 14. Ba3 Rdf8 15. b5
Bxa3 16. bxc6 bxc6 17. Nxa3 f4 18. Qd2 fxg3 19. fxg3 Bf5 20. Nc2 Kc7 21. a5 Qa6
22. Nb4 Qc8 23. Qf4 Qe6 24. Ng5 Qg6 25. e6+ Kb7 26. Qxf5 1-0

[Event "9. Forchheimer Sparkassen Open 2010"]
[Site "Forchheim"]
[Date "2010.10.01"]
[Round "1.33"]
[White "Haimerl, Willibald"]
[Black "Gründel, Josef"]
[Result "1-0"]
[ECO "C67"]
[WhiteElo "2400"]
[BlackElo "1597"]
[PlyCount "117"]
[EventDate "2010.??.??"]
[TimeControl "300"]

1. e4 e5 2. Nf3 Nc6 3. Bb5 Nf6 4. O-O Nxe4 5. d4 Nd6 6. Bxc6 dxc6 7. dxe5 Ne4
8. Qxd8+ Kxd8 9. Re1 Nc5 10. h3 Ne6 11. Nc3 h6 12. Ne4 b6 13. b3 Bb7 14. Bb2 c5
15. g3 Kd7 16. Nfd2 Re8 17. f4 Kc8 18. c4 g5 19. Nf6 Rd8 20. Nde4 gxf4 21. g4
Be7 22. Rad1 Rxd1 23. Rxd1 Bxe4 24. Nxe4 Bh4 25. Kg2 Rg8 26. Kf3 Rd8 27. Rd5
Be7 28. Nc3 Rxd5 29. cxd5 Ng5+ 30. Kxf4 Nxh3+ 31. Kf5 a6 32. Ne4 Kd7 33. Bc1
Bf8 34. Nf6+ Ke7 35. Bxh6 Bxh6 36. Ng8+ Kf8 37. Nxh6 Kg7 38. d6 Nf4 39. Kxf4
cxd6 40. exd6 Kf6 41. Nf5 Ke6 42. Ke4 b5 43. a3 f6 44. Kd3 Kd7 45. Ke3 Ke6 46.
Ke4 a5 47. Kd3 Kd7 48. Kc3 Kc6 49. b4 cxb4+ 50. axb4 a4 51. Nd4+ Kxd6 52. Nxb5+
Kc6 53. Kc4 Kb6 54. Na3 Kc6 55. b5+ Kb6 56. Kb4 Kb7 57. Kxa4 Kb6 58. Kb4 Kb7
59. Kc5 1-0

[Event "9. Forchheimer Sparkassen Open 2010"]
[Site "Forchheim"]
[Date "2010.10.01"]
[Round "1.35"]
[White "Schütz, Robert"]
[Black "Eisenschmid, Oliver"]
[Result "1/2-1/2"]
[ECO "B81"]
[WhiteElo "2400"]
[BlackElo "2400"]
[PlyCount "113"]
[EventDate "2010.??.??"]
[TimeControl "300"]

1. e4 c5 2. Nf3 g6 3. d4 cxd4 4. Nxd4 Nc6 5. Nc3 Bg7 6. Be3 Nf6 7. e5 Nxe5 8.
Bf4 d6 9. Bb5+ Bd7 10. Qe2 O-O 11. Bxe5 Bxb5 12. Ndxb5 dxe5 13. Qxe5 a6 14. Rd1
Nd7 15. Qc7 axb5 16. Qxd7 Qxd7 17. Rxd7 Bxc3+ 18. bxc3 Rxa2 19. Kd2 e6 20. Rb1
Raa8 21. Rxb5 b6 22. Rxb6 Rfd8 23. Rbd6 Rxd7 24. Rxd7 Kg7 25. c4 Kf6 26. Kc3 e5
27. c5 Ra4 28. Kb3 Rf4 29. Rd2 Ke7 30. Rd3 Rxf2 31. c6 Rf6 32. Rc3 Kd8 33. Kb4
Kc7 34. Kb5 e4 35. Re3 Re6 36. g4 f5 37. gxf5 gxf5 38. Kc5 Rxc6+ 39. Kd5 Rxc2
40. Ke5 Rc5+ 41. Kf4 Kd6 42. Rh3 Re5 43. Re3 Ke6 44. Ra3 Kf6 45. Re3 Re7 46.
Rh3 Rg7 47. Rh6+ Rg6 48. Rxh7 Rg4+ 49. Ke3 Rg7 50. Rh3 Rg4 51. Rh8 Kg7 52. Rh5
Kf6 53. Rh8 Rg1 54. Rf8+ Ke6 55. Re8+ Kf7 56. Re5 Kf6 57. Re8 1/2-1/2

[Event "9. Forchheimer Sparkassen Open 2010"]
[Site "Forchheim"]
[Date "2010.10.01"]
[Round "1.37"]
[White "Richter, Tony"]
[Black "Sammer, Fabian"]
[Result "1-0"]
[ECO "D05"]
[WhiteElo "2400"]
[BlackElo "2400"]
[PlyCount "54"]
[EventDate "2010.??.??"]
[TimeControl "300"]

1. d4 e6 2. e3 c5 3. c3 Nc6 4. Bd3 a6 5. Nf3 Nf6 6. Nbd2 d5 7. Ne5 Nxe5 8. dxe5
Nd7 9. Nf3 c4 10. Bc2 f6 11. exf6 Qxf6 12. e4 Nb6 13. Bg5 Qf7 14. Ne5 Qc7 15.
Qh5+ g6 16. Nxg6 Qf7 17. Nf4 Qxh5 18. Nxh5 Rg8 19. Nf6+ Kf7 20. Nxg8 Kxg8 21.
e5 Nd7 22. f4 b5 23. b4 Bb7 24. Ke2 Nb6 25. Rhg1 Rd8 26. Rad1 Na4 27. Bxa4 {
partien notation unleserlich} bxa4 1-0

[Event "9. Forchheimer Sparkassen Open 2010"]
[Site "Forchheim"]
[Date "2010.10.01"]
[Round "1.38"]
[White "Wichmann, Adrian"]
[Black "Seifert, Heinz"]
[Result "0-1"]
[ECO "B22"]
[WhiteElo "2400"]
[BlackElo "2400"]
[PlyCount "90"]
[EventDate "2010.??.??"]
[TimeControl "300"]

1. e4 c5 2. c3 d6 3. d4 cxd4 4. cxd4 Nf6 5. Nc3 g6 6. Nf3 Bg7 7. Bc4 O-O 8. O-O
e5 9. dxe5 dxe5 10. Nxe5 Qc7 11. Bxf7+ Rxf7 12. Nxf7 Kxf7 13. Nd5 Nxd5 14.
Qxd5+ Be6 15. Qb5 Bc4 16. Qb4 Bxf1 17. Bf4 Qxf4 18. Qxb7+ Kg8 19. Qxa8 Be2 20.
g3 Qc7 21. Re1 Ba6 22. b3 Qb7 23. Qxb7 Bxb7 24. f4 Nc6 25. e5 Ne7 26. Rd1 Nd5
27. a3 Bf8 28. b4 a5 29. bxa5 Bc5+ 30. Kf1 Ne3+ 31. Ke1 Nxd1 32. Kxd1 Bxa3 33.
Ke2 Bc5 34. Kf1 Kf7 35. a6 Bxa6+ 36. Kg2 Ke6 37. h4 Kf5 38. Kh3 h5 39. Kh2 Bb7
40. Kh3 Bd5 41. Kh2 Kg4 42. e6 Bxe6 43. f5 Bxf5 44. Kh1 Kh3 45. g4 Be4# 0-1

[Event "9. Forchheimer Sparkassen Open 2010"]
[Site "Forchheim"]
[Date "2010.10.01"]
[Round "1.40"]
[White "Veitl, Rudolf"]
[Black "Kean, Christopher"]
[Result "0-1"]
[ECO "B06"]
[WhiteElo "2400"]
[BlackElo "2400"]
[PlyCount "61"]
[EventDate "2010.??.??"]
[TimeControl "300"]

1. e4 g6 2. g3 Bg7 3. Bg2 d6 4. d4 a6 5. Nc3 b5 6. Be3 Bb7 7. Nf3 b4 8. Nd5 a5
9. Nd2 e6 10. Nf4 Nd7 11. c3 c5 12. O-O Ne7 13. Nc4 Qc7 14. Re1 cxd4 15. e5
Qxc4 16. Bxb7 Rb8 17. exd6 dxe3 18. Bf3 exf2+ 19. Kxf2 Nf5 20. Rc1 Qc5+ 21. Kg2
Ne3+ 22. Rxe3 Qxe3 23. Rc2 bxc3 24. bxc3 O-O 25. c4 Rb2 26. Bc6 Rxc2+ 27. Qxc2
Ne5 28. Bb5 Bh6 29. Ne2 Qf3+ 30. Kh3 Qf1+ 31. Kh4 0-1

[Event "9. Forchheimer Sparkassen Open 2010"]
[Site "Forchheim"]
[Date "2010.10.01"]
[Round "1.41"]
[White "Forster, Stephan"]
[Black "Ratscheu, Stefan"]
[Result "1-0"]
[ECO "C01"]
[WhiteElo "2400"]
[BlackElo "2400"]
[PlyCount "43"]
[EventDate "2010.??.??"]
[TimeControl "300"]

1. e4 e6 2. Nc3 Nc6 3. Nf3 d5 4. exd5 exd5 5. d4 Nf6 6. Bb5 Bd7 7. O-O Be7 8.
Bg5 Be6 9. Ne5 Bd7 10. Nxd7 Qxd7 11. Re1 O-O 12. Qf3 a6 13. Bxc6 bxc6 14. Re2
Rfe8 15. Rae1 Qd6 16. Bxf6 gxf6 17. Qf5 Kh8 18. Re3 h6 19. Qh5 Kh7 20. Qxf7+
Kh8 21. Rxe7 Rxe7 22. Rxe7 1-0

[Event "9. Forchheimer Sparkassen Open 2010"]
[Site "Forchheim"]
[Date "2010.10.01"]
[Round "1.42"]
[White "Lorenz, Dominik"]
[Black "Petermann, Jan"]
[Result "0-1"]
[ECO "B23"]
[WhiteElo "2400"]
[BlackElo "2400"]
[PlyCount "84"]
[EventDate "2010.??.??"]
[TimeControl "300"]

1. e4 b6 2. Nf3 Bb7 3. Nc3 e6 4. Be2 Bb4 5. d3 Nf6 6. Bg5 h6 7. Bxf6 Qxf6 8.
Qd2 d5 9. O-O-O d4 10. e5 Qd8 11. Qf4 Bxc3 12. bxc3 dxc3 13. Qb4 c5 14. Qxc3
Nc6 15. Nd2 O-O 16. Bf3 Qc7 17. g4 Nd4 18. Rde1 Bxf3 19. Nxf3 Nxf3 20. Re3 Nd4
21. Re4 Rac8 22. f4 Qc6 23. g5 hxg5 24. fxg5 Nf5 25. h4 Ng3 26. Rg1 Nxe4 27.
dxe4 Qxe4 28. h5 g6 29. hxg6 Qxg6 30. Qh3 Rcd8 31. Rh1 Qg7 32. g6 fxg6 33.
Qxe6+ Rf7 34. Qh3 Qxe5 35. c3 Rdd7 36. Kc2 Rh7 37. Qg2 Qf5+ 38. Kb3 Rxh1 39.
Qxh1 Qd5+ 40. Qxd5+ Rxd5 41. Kc4 Rf5 42. Kb5 Rf7 0-1

[Event "9. Forchheimer Sparkassen Open 2010"]
[Site "Forchheim"]
[Date "2010.10.01"]
[Round "1.43"]
[White "Schulz, Horst"]
[Black "Trefflich, Marcus"]
[Result "1-0"]
[ECO "D05"]
[WhiteElo "2400"]
[BlackElo "2400"]
[PlyCount "71"]
[EventDate "2010.??.??"]
[TimeControl "300"]

1. d4 d5 2. e3 c6 3. Bd3 Nf6 4. f4 Bg4 5. Nf3 Nbd7 6. h3 Bxf3 7. Qxf3 c5 8. c3
c4 9. Bc2 e6 10. Nd2 Be7 11. O-O O-O 12. e4 Nb6 13. e5 Ne8 14. Qe2 f6 15. Nf3
Nc7 16. f5 a5 17. Be3 fxe5 18. Nxe5 Bd6 19. Qh5 Qe8 20. Qg4 exf5 21. Rxf5 Rxf5
22. Qxf5 Bxe5 23. Qxh7+ Kf8 24. dxe5 d4 25. Rf1+ Ke7 26. Qxg7+ Kd8 27. Bg5+ Kc8
28. Rf8 Qxf8 29. Qxf8+ Kd7 30. Qe7+ Kc6 31. Qd6+ Kb5 32. Qxc7 d3 33. a4+ Ka6
34. Bd1 Rc8 35. Qf7 Rd8 36. Bxd8 1-0

[Event "9. Forchheimer Sparkassen Open 2010"]
[Site "Forchheim"]
[Date "2010.10.01"]
[Round "1.44"]
[White "Dresel, Martin"]
[Black "Zenner, Stefan"]
[Result "1-0"]
[ECO "E62"]
[WhiteElo "2400"]
[BlackElo "2400"]
[PlyCount "67"]
[EventDate "2010.??.??"]
[TimeControl "300"]

1. d4 d6 2. Nf3 g6 3. g3 Bg7 4. e3 Nf6 5. Bg2 O-O 6. O-O Nbd7 7. b3 Rb8 8. Bb2
e6 9. c4 Qe7 10. Re1 b6 11. Nc3 a6 12. Qd2 e5 13. dxe5 dxe5 14. e4 c6 15. Rad1
b5 16. cxb5 axb5 17. Qc2 Rd8 18. Ne2 Bb7 19. Nc1 Ne8 20. Re3 f6 21. Nd3 Nc7 22.
Qc1 Ne6 23. Ba3 c5 24. Bh3 b4 25. Bb2 Nd4 26. Bg2 Rbc8 27. Nd2 Nf8 28. Nc4 Nfe6
29. Nb6 Rc6 30. Nd5 Qf8 31. Bh3 Ng5 32. Bg2 f5 33. exf5 Qxf5 34. Ne7+ 1-0

[Event "9. Forchheimer Sparkassen Open 2010"]
[Site "Forchheim"]
[Date "2010.10.01"]
[Round "1.45"]
[White "Mejerski, Stephan"]
[Black "Tawdross, Peter"]
[Result "1-0"]
[ECO "C25"]
[WhiteElo "2400"]
[BlackElo "2400"]
[PlyCount "37"]
[EventDate "2010.??.??"]
[TimeControl "300"]

1. e4 e5 2. f4 exf4 3. Nf3 Nc6 4. Bc4 Nf6 5. d3 Qe7 6. O-O Qc5+ 7. Kh1 Bd6 8.
Nc3 Ng4 9. Qe1 Qh5 10. Qh4 Qxh4 11. Nxh4 g5 12. Nf5 Bc5 13. Nd5 Nd4 14. b4 Nxc2
15. bxc5 Nxa1 16. Bb2 Rg8 17. Bxa1 Rg6 18. Nxc7+ Kd8 19. Nxa8 1-0

[Event "9. Forchheimer Sparkassen Open 2010"]
[Site "Forchheim"]
[Date "2010.10.01"]
[Round "1.46"]
[White "Schneider, Jana"]
[Black "Koch, Christian"]
[Result "1/2-1/2"]
[ECO "C47"]
[WhiteElo "2400"]
[BlackElo "2400"]
[PlyCount "77"]
[EventDate "2010.??.??"]
[TimeControl "300"]

1. e4 e5 2. Nf3 Nc6 3. d4 exd4 4. Nxd4 Qh4 5. Nc3 Bb4 6. Bd3 Nxd4 7. O-O Nf6 8.
Be3 Ne6 9. f3 Bxc3 10. bxc3 d6 11. Bc4 Nd7 12. Qd2 Ndc5 13. Rab1 Qe7 14. Kh1
O-O 15. Bd4 c6 16. Rfd1 Rd8 17. Bf2 b5 18. Bb3 a5 19. a3 Nxb3 20. cxb3 Nc5 21.
Bxc5 Bb7 22. Bxd6 Qe6 23. Qf4 Rd7 24. Qe5 Rad8 25. Qxe6 fxe6 26. e5 c5 27. b4
axb4 28. axb4 c4 29. Rd2 Kf7 30. Rbd1 Bc6 31. Kg1 Ra8 32. Bc5 Rb7 33. Rd6 Bd5
34. Rb6 Rxb6 35. Bxb6 Ra2 36. Kf1 Kg6 37. Be3 Kf5 38. Bd4 Kf4 39. Re1 1/2-1/2

[Event "9. Forchheimer Sparkassen Open 2010"]
[Site "Forchheim"]
[Date "2010.10.01"]
[Round "1.47"]
[White "Kuenne, Lutz Dieter"]
[Black "Braun, Kristin"]
[Result "1-0"]
[ECO "B01"]
[WhiteElo "2400"]
[BlackElo "2400"]
[PlyCount "51"]
[EventDate "2010.??.??"]
[TimeControl "300"]

1. e4 d5 2. exd5 Nf6 3. Nc3 Nxd5 4. d4 Nc6 5. Nf3 e6 6. Bd2 Bb4 7. Ne4 Bxd2+ 8.
Qxd2 O-O 9. O-O-O Qd7 10. Ne5 Nxe5 11. dxe5 Qa4 12. Nc3 Nxc3 13. Qxc3 Qxa2 14.
Bc4 Qa1+ 15. Kd2 Rd8+ 16. Ke2 Rxd1 17. Rxd1 Qxd1+ 18. Kxd1 b6 19. f3 Bb7 20.
Qd2 Kf8 21. Kc1 h5 22. Qg5 g6 23. Qf6 a5 24. Bxe6 Ke8 25. Qxf7+ Kd8 26. Qd7#
1-0

[Event "9. Forchheimer Sparkassen Open 2010"]
[Site "Forchheim"]
[Date "2010.10.01"]
[Round "1.48"]
[White "Kraus, Sebastian"]
[Black "Siegl, Melina"]
[Result "0-1"]
[ECO "B01"]
[WhiteElo "2400"]
[BlackElo "2400"]
[PlyCount "56"]
[EventDate "2010.??.??"]
[TimeControl "300"]

1. e4 c5 2. Nf3 Nc6 3. Nc3 Nf6 4. Bc4 e6 5. d3 d5 6. exd5 exd5 7. Bb5 Bd6 8.
Bg5 Be6 9. Qe2 O-O 10. Bxc6 bxc6 11. Ne5 Rc8 12. O-O Re8 13. f4 h6 14. Bh4 Be7
15. Rae1 d4 16. Ne4 Nxe4 17. Bxe7 Rxe7 18. Qxe4 Bd5 19. Nxc6 Rxe4 20. Nxd8 Rxe1
21. Rxe1 Rxd8 22. c4 dxc3 23. b3 Be6 24. Re5 Rxd3 25. Rxc5 Bf5 26. Kf2 Bg4 27.
a4 Bd1 28. Ke1 Bxb3 0-1

[Event "9. Forchheimer Sparkassen Open 2010"]
[Site "Forchheim"]
[Date "2010.10.01"]
[Round "1.50"]
[White "Kunkel, Heinrich"]
[Black "Wissel, Florian"]
[Result "0-1"]
[ECO "D02"]
[WhiteElo "2400"]
[BlackElo "2400"]
[PlyCount "24"]
[EventDate "2010.??.??"]
[TimeControl "300"]

1. Nf3 Nf6 2. d4 d5 3. Bf4 e6 4. e3 Be7 5. Bb5+ c6 6. Ba4 Qa5+ 7. Nc3 Bb4 8.
Bb3 Bxc3+ 9. bxc3 Qxc3+ 10. Nd2 Ne4 11. Qe2 Qxa1+ 12. Qd1 Qxd1+ 0-1

[Event "9. Forchheimer Sparkassen Open 2010"]
[Site "Forchheim"]
[Date "2010.10.01"]
[Round "1.51"]
[White "Steinmüller, Harald"]
[Black "Gottlieb, Michael"]
[Result "1/2-1/2"]
[ECO "C50"]
[WhiteElo "2400"]
[BlackElo "2400"]
[PlyCount "54"]
[EventDate "2010.??.??"]
[TimeControl "300"]

1. e4 e5 2. Nf3 Nc6 3. Bc4 Bc5 4. d3 d6 5. h3 Nf6 6. Bg5 h6 7. Bh4 O-O 8. Nc3
g5 9. Nxg5 hxg5 10. Bxg5 Be6 11. Nd5 Bxd5 12. Bxd5 Qe7 13. c3 Nd8 14. Qf3 Kg7
15. h4 Ne6 16. Bxf6+ Qxf6 17. Qxf6+ Kxf6 18. O-O-O c6 19. Bb3 Ke7 20. g4 f6 21.
Bxe6 Kxe6 22. Rdf1 Rh8 23. Kd2 Rag8 24. f3 b5 25. b4 Bb6 26. Ke2 a6 27. h5 Rh6
1/2-1/2

[Event "9. Forchheimer Sparkassen Open 2010"]
[Site "Forchheim"]
[Date "2010.10.01"]
[Round "1.53"]
[White "Lingl, Peter"]
[Black "Gebhardt, Andreas"]
[Result "1-0"]
[ECO "C55"]
[WhiteElo "2400"]
[BlackElo "2400"]
[PlyCount "47"]
[EventDate "2010.??.??"]
[TimeControl "300"]

1. e4 e5 2. Bc4 Nc6 3. Nf3 d6 4. d3 Nf6 5. c3 a6 6. Be3 b5 7. Bb3 Bg4 8. Nbd2
Bxf3 9. Nxf3 d5 10. exd5 Nxd5 11. O-O b4 12. cxb4 Bxb4 13. Rc1 Nde7 14. Bg5 Nd4
15. Nxe5 Nxb3 16. Qxb3 Qd4 17. Qxf7+ Kd8 18. Bxe7+ Bxe7 19. Nc6+ Kc8 20. Nxd4
Bd8 21. Ne6 Ra7 22. Rc6 Kb7 23. Nxd8+ Rxd8 24. Qxc7+ 1-0

[Event "9. Forchheimer Sparkassen Open 2010"]
[Site "Forchheim"]
[Date "2010.10.01"]
[Round "1.55"]
[White "Kraja, Dzemal"]
[Black "Klinkhammer, Christopher"]
[Result "1/2-1/2"]
[ECO "C41"]
[WhiteElo "2400"]
[BlackElo "2400"]
[PlyCount "32"]
[EventDate "2010.??.??"]
[TimeControl "300"]

1. e4 e5 2. Nf3 d6 3. d4 Nf6 4. Nc3 Nbd7 5. dxe5 dxe5 6. Bc4 Be7 7. O-O O-O 8.
Qe2 c6 9. Rd1 Qc7 10. Bg5 Nc5 11. Bxf6 Bxf6 12. h3 Qb6 13. Rab1 Be6 14. b4 Bxc4
15. Qxc4 Ne6 16. Na4 Qc7 1/2-1/2

[Event "9. Forchheimer Sparkassen Open 2010"]
[Site "Forchheim"]
[Date "2010.10.01"]
[Round "1.56"]
[White "Heger, Heinz"]
[Black "Heinlein, Hans-Albert"]
[Result "0-1"]
[ECO "C41"]
[WhiteElo "2400"]
[BlackElo "2400"]
[PlyCount "72"]
[EventDate "2010.??.??"]
[TimeControl "300"]

1. e4 e5 2. Nf3 d6 3. c3 Bg4 4. Be2 Nf6 5. d4 Nbd7 6. O-O Nxe4 7. h3 Bh5 8. Re1
h6 9. Bd3 Nef6 10. Nbd2 Be7 11. Qb3 b6 12. dxe5 dxe5 13. Nxe5 Nxe5 14. Rxe5
Qxd3 15. Qa4+ Qd7 16. Qc2 O-O 17. b4 Rad8 18. g4 Bg6 19. Qd1 Ne4 20. Qe1 Nxd2
21. Bxd2 Qxd2 22. Qxd2 Rxd2 23. Rxe7 Rc8 24. Kg2 Rc2 25. b5 Rxc3 26. a4 Rc4 27.
Kg3 Be4 28. Ra3 Bc2 29. a5 Ra4 30. Rc3 Bg6 31. axb6 axb6 32. f4 f5 33. Rd3 fxg4
34. Rdd7 Bf5 35. Rxg7+ Kh8 36. Rdf7 gxh3 0-1

[Event "9. Forchheimer Sparkassen Open 2010"]
[Site "Forchheim"]
[Date "2010.10.01"]
[Round "1.57"]
[White "Salberg, Evelyne"]
[Black "Meier, Hans"]
[Result "1-0"]
[ECO "D03"]
[WhiteElo "2400"]
[BlackElo "2400"]
[PlyCount "57"]
[EventDate "2010.??.??"]
[TimeControl "300"]

1. d4 d5 2. g3 Nf6 3. Bg2 g6 4. Nf3 Bg7 5. O-O O-O 6. Re1 Bf5 7. c3 b6 8. Bg5
Ne4 9. Bc1 c5 10. Qa4 Qd6 11. Bf4 Qc6 12. Qd1 Nd7 13. Nbd2 Rfe8 14. Be5 Bxe5
15. Nxe5 Nxe5 16. dxe5 Rad8 17. Nf3 c4 18. Nd4 Qc5 19. e3 Bc8 20. Qc2 Ng5 21.
Rad1 Ne6 22. Qa4 b5 23. Nxb5 Bd7 24. Rxd5 Bxb5 25. Qxb5 Rxd5 26. Qxe8+ Kg7 27.
Bxd5 Qxd5 28. Qxe7 Ng5 29. Qxg5 1-0

[Event "9. Forchheimer Sparkassen Open 2010"]
[Site "Forchheim"]
[Date "2010.10.01"]
[Round "1.58"]
[White "Meier, Martin"]
[Black "Seidl, Josef"]
[Result "1-0"]
[ECO "E61"]
[WhiteElo "2400"]
[BlackElo "2400"]
[PlyCount "81"]
[EventDate "2010.??.??"]
[TimeControl "300"]

1. c4 c5 2. Nc3 g6 3. b3 Bg7 4. Bb2 Nf6 5. Qc2 O-O 6. e3 d6 7. Nf3 Nbd7 8. g3
Rb8 9. O-O-O a6 10. d4 b6 11. Be2 Bb7 12. d5 Qc7 13. h3 e5 14. Ng5 Rfe8 15. h4
Nf8 16. e4 Bc8 17. f3 Nh5 18. Rdg1 Bh6 19. f4 Nf6 20. Kb1 Bg4 21. Bxg4 Nxg4 22.
Bc1 Bg7 23. h5 f6 24. Rh4 fxg5 25. Rxg4 gxf4 26. hxg6 Nxg6 27. gxf4 exf4 28.
Qd3 Bxc3 29. Qxc3 Qg7 30. e5 dxe5 31. Qd3 e4 32. Qc2 Qd4 33. Rd1 Qg7 34. Bxf4
e3 35. Bxb8 Rxb8 36. Re4 Qh6 37. d6 Rd8 38. d7 Qh3 39. Re8+ Rxe8 40. dxe8=Q+
Nf8 41. Rg1+ 1-0